[Event "Titled Tuesday Blitz January 18 2022"]
[White "Shyaamnikhil P"]
[Black "Farakhov, Rafail"]
[WhiteFideId "5024218"]
[BlackFideId "4137574"]
[WhiteElo "2292"]
[BlackElo "2403"]
[Result "1-0"]
[Round "04"]
[TimeControl "180+1"]
[Date "2022.01.18"]
[WhiteClock "0:00:56"]
[BlackClock "0:00:02"]

1. Nf3 Nf6 2. g3 d5 3. Bg2 c6 4. O-O Bg4 5. d3 Nbd7 6. Nbd2 e5 7. e4 dxe4 8. dxe4 Bc5 9. h3 Bh5 10. Qe1 O-O 11. Nh4 Re8 12. Nc4 Qc7 13. b4 Bf8 14. a4 Nb6 15. Ne3 Rad8 16. Bb2 Bg6 17. a5 Nc8 18. Nc4 b5 19. axb6 axb6 20. Nxg6 hxg6 21. Qc3 Nd6 22. Nxe5 Ndxe4 23. Qxc6 Qxc6 24. Nxc6 Rd2 25. Rac1 Rc8 26. b5 Bc5 27. Bxf6 Nxf6 28. Kh2 Re8 29. Bf3 Bxf2 30. Rfd1 Rxd1 31. Rxd1 Bc5 32. Kg2 Re3 33. Rd3 Re1 34. Rd1 Re3 35. h4 Rc3 36. Rd2 Kh7 37. Ne5 Kg8 38. Rd8+ Bf8 39. g4 Rxc2+ 40. Kg3 Rc5 41. Kf4 Rxb5 42. g5 Rb4+ 43. Kg3 Nh7 44. Bd5 1-0


[Site "https://www.chess.com"]

[Event "Titled Tuesday Blitz January 18 2022"]
[White "Song, Michael"]
[Black "Kosteniuk, Alexandra"]
[WhiteFideId "2613190"]
[BlackFideId "4128125"]
[WhiteElo "2274"]
[BlackElo "2469"]
[Result "0-1"]
[Round "04"]
[TimeControl "180+1"]
[Date "2022.01.18"]
[WhiteClock "0:00:04"]
[BlackClock "0:00:08"]

1. e4 c6 2. d4 d5 3. exd5 cxd5 4. Bd3 Nc6 5. c3 Nf6 6. Bf4 Bg4 7. Qb3 Qd7 8. h3 Bh5 9. Nd2 e6 10. Ngf3 Bxf3 11. Nxf3 Bd6 12. Ne5 Qc7 13. O-O Bxe5 14. dxe5 Nd7 15. Rae1 O-O 16. Bb5 f5 17. exf6 Qxf4 18. fxg7 Rf7 19. Bxc6 bxc6 20. Qb7 Re8 21. Qxc6 Rfe7 22. Re3 Ne5 23. Qb5 Ng6 24. g3 Qc4 25. Qxc4 dxc4 26. Rd1 Kxg7 27. Rd4 Rc8 28. Ree4 Rb8 29. Rd2 Rb6 30. Rxc4 Ne5 31. Rf4 Rf7 32. Rxf7+ Kxf7 33. Kg2 Nc4 34. Rd4 Ne5 35. b4 Kf6 36. f4 Nf7 37. a3 Rc6 38. c4 a6 39. c5 Ke7 40. Kf3 Rc8 41. g4 a5 42. Ke4 axb4 43. axb4 Nd8 44. Kd3 Nc6 45. Re4 Rd8+ 46. Kc4 Rd1 47. b5 Rc1+ 48. Kb3 Na5+ 49. Kb4 Nb7 50. c6 Nd6 51. Re5 Rb1+ 52. Kc5 Rxb5+ 53. Kd4 Rb4+ 54. Kc5 Rc4+ 55. Kb6 Rc3 56. Rc5 Rb3+ 57. Ka6 Ra3+ 58. Kb6 Rb3+ 59. Ka6 Nc8 60. c7 Kd6 61. Rh5 Kc6 62. Rxh7 Ra3# 0-1


[Site "https://www.chess.com"]

[Event "Titled Tuesday Blitz January 18 2022"]
[White "Srihari L R"]
[Black "Prohorov, Olexandr"]
[WhiteFideId "46617116"]
[BlackFideId "14105578"]
[WhiteElo "2121"]
[BlackElo "1993"]
[Result "0-1"]
[Round "04"]
[TimeControl "180+1"]
[Date "2022.01.18"]
[WhiteClock "0:00:02"]
[BlackClock "0:00:10"]

1. d4 g6 2. Nf3 Bg7 3. b3 c5 4. Bb2 Nc6 5. e3 cxd4 6. exd4 d5 7. Nbd2 Nf6 8. a3 O-O 9. Bd3 Qc7 10. O-O Bf5 11. Qe2 Rfe8 12. Ne5 Bxd3 13. Qxd3 Rac8 14. Rac1 e6 15. f4 Qb6 16. Kh1 a5 17. Rb1 a4 18. bxa4 Qa7 19. Ba1 Bf8 20. h3 Rc7 21. Qb5 Bxa3 22. Ndf3 Bd6 23. Ng5 Nh5 24. Rf3 f6 25. Ng4 fxg5 26. fxg5 Rf8 27. Rbf1 Rxf3 28. Rxf3 Qb8 29. c4 Na7 30. Qb3 dxc4 31. d5 Ng3+ 32. Rxg3 cxb3 33. Rf3 e5 34. Nh6+ Kh8 35. Rf6 b2 36. Bxb2 Qd8 0-1


[Site "https://www.chess.com"]

[Event "Titled Tuesday Blitz January 18 2022"]
[White "Steel, Henry Robert"]
[Black "Rangel, Daniel"]
[WhiteFideId "14300567"]
[BlackFideId "2124475"]
[WhiteElo "2424"]
[BlackElo "2187"]
[Result "1-0"]
[Round "04"]
[TimeControl "180+1"]
[Date "2022.01.18"]
[WhiteClock "0:00:05"]
[BlackClock "0:00:03"]

1. e4 c6 2. d4 d5 3. e5 c5 4. dxc5 e6 5. a3 Bxc5 6. b4 Bb6 7. Nf3 Ne7 8. Bd3 Ng6 9. O-O Nc6 10. Bb2 O-O 11. Nbd2 a5 12. b5 Nce7 13. Re1 a4 14. g3 Bd7 15. h4 Re8 16. h5 Nf8 17. h6 g6 18. Ng5 Nf5 19. Qg4 Rc8 20. Ndf3 Rc5 21. Nd4 Ba5 22. Re2 Bc3 23. Bxc3 Rxc3 24. Nxf5 exf5 25. Qf4 Ne6 26. Nxe6 Bxe6 27. Qd4 Qc7 28. b6 Qc5 29. Qxa4 Rc8 30. Qb4 Qxb4 31. axb4 R3c6 32. Ree1 Rxb6 33. b5 Kf8 34. Ra5 Ke7 35. Rea1 Bd7 36. Ra8 Kd8 37. Rxc8+ Bxc8 38. Ra8 Re6 39. f4 Kc7 40. Kf2 Re8 41. Ke3 Bd7 42. Rxe8 Bxe8 43. Kd4 Kd7 44. Kxd5 Ke7 45. Kc5 Bd7 46. Be2 Kd8 47. Kb6 Bc8 48. Bf3 Ke7 49. Bxb7 Be6 50. Bf3 Bc4 51. Kc5 Ba2 52. b6 Bb1 53. b7 1-0


[Site "https://www.chess.com"]

[Event "Titled Tuesday Blitz January 18 2022"]
[White "Stoleriu, George"]
[Black "Hardaway, Brewington"]
[WhiteFideId "1227505"]
[BlackFideId "30941849"]
[WhiteElo "2203"]
[BlackElo "1768"]
[Result "0-1"]
[Round "04"]
[TimeControl "180+1"]
[Date "2022.01.18"]
[WhiteClock "0:00:04"]
[BlackClock "0:01:55"]

1. e4 e5 2. Nf3 Nf6 3. Nxe5 Nc6 4. Nxc6 dxc6 5. d4 Nxe4 6. Bd3 Nf6 7. O-O Qxd4 8. Re1+ Be7 9. Nc3 Be6 10. Be3 Qd7 11. Qf3 Nd5 12. Bd4 Nf6 13. Rad1 O-O-O 14. Bxa7 Bg4 15. Qf4 Bd6 16. Qa4 Bxd1 17. Be3 Qg4 18. Qa8+ Kd7 19. Qxb7 Bf3 20. g3 Rb8 21. Qa6 Rhe8 22. Na4 Re5 23. Qa7 Rb4 24. Nb6+ Rxb6 0-1


[Site "https://www.chess.com"]

[Event "Titled Tuesday Blitz January 18 2022"]
[White "Svane, Frederik"]
[Black "Sanal, Vahap"]
[WhiteFideId "12923044"]
[BlackFideId "6300545"]
[WhiteElo "2459"]
[BlackElo "2603"]
[Result "0-1"]
[Round "04"]
[TimeControl "180+1"]
[Date "2022.01.18"]
[WhiteClock "0:00:04"]
[BlackClock "0:00:25"]

1. e4 e5 2. Nf3 Nc6 3. Nc3 Nf6 4. h3 d5 5. exd5 Nxd5 6. Bb5 Nxc3 7. bxc3 Bd6 8. O-O O-O 9. d4 exd4 10. cxd4 h6 11. c4 Bf5 12. Bb2 a6 13. Ba4 Rb8 14. c5 b5 15. Bb3 Be7 16. d5 Na5 17. Rc1 Bf6 18. Bxf6 Qxf6 19. Qd4 Qxd4 20. Nxd4 Be4 21. d6 cxd6 22. cxd6 Rbd8 23. Rfe1 Bg6 24. Nc6 Nxb3 25. axb3 Rxd6 26. Ne7+ Kh7 27. Nxg6 Kxg6 28. Rc7 Rfd8 29. Ra7 Rf6 30. Ra1 Rdd6 31. b4 h5 32. h4 Kh7 33. Ra2 Rd1+ 34. Kh2 Rd4 35. g3 Rdd6 36. Kg2 Rc6 37. Ra8 Kg6 38. Ra7 Rfd6 39. Re2 Re6 40. Rxe6+ Rxe6 41. Kf3 Kf6 42. Kf4 Rc6 43. Ke4 Rc4+ 44. Ke3 Rc3+ 45. Ke4 Ra3 46. Kf4 Ra4 47. Ke3 Ke6 48. f3 g6 49. g4 Kf6 50. gxh5 gxh5 51. Kf4 Rxb4+ 52. Kg3 Ra4 53. Rb7 b4 54. Rb6+ Kg7 55. Rb7 a5 56. Kf4 b3+ 57. Ke3 Rb4 58. Rxb4 axb4 59. Kd2 Kf6 60. Kc1 Kf5 0-1


[Site "https://www.chess.com"]

[Event "Titled Tuesday Blitz January 18 2022"]
[White "Swicarz, Maciej"]
[Black "Papasimakopoulos, Alexandros"]
[WhiteFideId "1113585"]
[BlackFideId "4244125"]
[WhiteElo "2063"]
[BlackElo "2340"]
[Result "1/2-1/2"]
[Round "04"]
[TimeControl "180+1"]
[Date "2022.01.18"]
[WhiteClock "0:00:34"]
[BlackClock "0:00:08"]

1. c4 f5 2. Nc3 Nf6 3. g3 g6 4. Bg2 Bg7 5. e3 d6 6. Nge2 e5 7. O-O O-O 8. d3 a5 9. Rb1 Nc6 10. a3 g5 11. f4 h6 12. b4 axb4 13. axb4 Qe8 14. Nd5 Nxd5 15. Bxd5+ Kh8 16. Qb3 Be6 17. Bg2 Rb8 18. Bb2 Qh5 19. Rfe1 gxf4 20. exf4 Bg8 21. b5 Nd8 22. fxe5 dxe5 23. Qb4 Re8 24. Qd2 Ne6 25. Bd5 Ng5 26. Rf1 Bxd5 27. cxd5 Nf3+ 28. Rxf3 Qxf3 29. Rf1 Qg4 30. d4 exd4 31. Nxd4 Qg5 32. Qc2 Qe3+ 33. Qf2 Qxf2+ 34. Rxf2 Re4 35. Nxf5 Bxb2 36. Rxb2 Kh7 37. Rc2 Kg6 38. Nh4+ Kh5 39. Rxc7 Ra8 40. Kg2 Ra2+ 41. Kh3 Ra3 42. Ng2 Ra2 43. Rg7 Ra3 44. Rxb7 Rd3 45. b6 Kg6 46. Rd7 Rb3 47. b7 Reb4 48. Rd6+ Kg5 49. Nf4 Rxb7 50. Ne6+ Kf5 51. Nd4+ Ke5 52. Nxb3 Kxd6 53. Nd4 Kxd5 54. Nf5 Rb6 55. Kg4 Ke5 56. Nh4 Kf6 57. Kh5 Kg7 58. h3 Kh7 59. Nf5 Rg6 60. g4 Rg5+ 61. Kh4 Kg6 62. Kg3 h5 63. Nh4+ Kf6 64. Kf4 Ra5 65. gxh5 Ra4+ 66. Kg3 Kg5 67. Nf3+ Kxh5 68. Ne5 Re4 69. Nf3 Re3 70. Kf4 Ra3 71. Kg3 Kg6 72. Kf4 Kf6 73. h4 Ra4+ 74. Kg3 Kf5 75. h5 Ra3 76. h6 Kg6 77. Kf4 Kxh6 78. Ne5 Kg7 79. Kf5 Ra5 80. Ke4 Kf6 81. Ng4+ Ke6 82. Kf4 Rf5+ 83. Ke4 Rf1 84. Ne3 Re1 85. Kf4 Re2 86. Kf3 Ra2 87. Kf4 Ra4+ 88. Kf3 Ke5 89. Ng4+ Kd4 90. Kf4 Ra1 91. Kf5 Rf1+ 92. Ke6 Kc5 93. Nf6 Rf2 94. Ke5 Re2+ 95. Kf5 Kd4 96. Nd7 Re7 97. Nf6 Re5+ 98. Kf4 Ra5 99. Ng4 Ra8 100. Kf5 Kd5 101. Nf6+ Kd6 102. Ne4+ Ke7 103. Ke5 Ra5+ 104. Kf4 Ra4 105. Ke5 Rxe4+ 106. Kxe4 1/2-1/2


[Site "https://www.chess.com"]

[Event "Titled Tuesday Blitz January 18 2022"]
[White "Tabatabaei, M. Amin"]
[Black "Costachi, Mihnea"]
[WhiteFideId "12521213"]
[BlackFideId "1217518"]
[WhiteElo "2585"]
[BlackElo "2464"]
[Result "1-0"]
[Round "04"]
[TimeControl "180+1"]
[Date "2022.01.18"]
[WhiteClock "0:01:38"]
[BlackClock "0:01:16"]

1. d4 Nf6 2. Nf3 d5 3. Bf4 c6 4. e3 g6 5. c3 Bg7 6. Nbd2 O-O 7. h3 Bf5 8. g4 Be4 9. Nxe4 Nxe4 10. Bd3 Nd7 11. Qc2 Nd6 12. h4 Nf6 13. Ne5 Nd7 14. h5 Nxe5 15. dxe5 Nc4 16. hxg6 Nxe5 17. gxf7+ Rxf7 18. Bxh7+ Kf8 19. Bxe5 Bxe5 20. Bg6 Rg7 21. Qf5+ Bf6 22. g5 e6 23. Rh8+ Rg8 24. Rxg8+ Kxg8 25. Qxe6+ Kg7 26. Qf7+ Kh8 27. Qh7# 1-0


[Site "https://www.chess.com"]

[Event "Titled Tuesday Blitz January 18 2022"]
[White "Taichman, Ori"]
[Black "Lugovskoy, Maxim"]
[WhiteFideId "2804069"]
[BlackFideId "24126454"]
[WhiteElo "2227"]
[BlackElo "2444"]
[Result "1-0"]
[Round "04"]
[TimeControl "180+1"]
[Date "2022.01.18"]
[WhiteClock "0:00:58"]
[BlackClock "0:00:20"]

1. e4 e6 2. d4 d5 3. Nc3 Bb4 4. e5 c5 5. Bd2 Ne7 6. dxc5 Nbc6 7. Qg4 Ng6 8. O-O-O Bxc5 9. Nf3 a6 10. h4 h5 11. Qg3 b5 12. Bd3 Nce7 13. Ne2 Qb6 14. Rhf1 Bd7 15. Nf4 O-O-O 16. Nxg6 Nxg6 17. Bxg6 fxg6 18. Qxg6 Kb8 19. Ng5 Rc8 20. Qxg7 Rhd8 21. Kb1 b4 22. Qg6 Bd4 23. Nf7 Rg8 24. Qxh5 Bb5 25. Nd6 Bxf1 26. Nxc8 Rxc8 27. Rxf1 Bxb2 28. Kxb2 Qd4+ 29. Kb1 Qxd2 30. Qd1 Qc3 31. Qd3 Qc6 32. h5 a5 33. h6 a4 34. h7 Ka7 35. Rh1 Rh8 36. Qd4+ Ka6 37. Qxb4 Qc7 38. Qd6+ Qxd6 39. exd6 Kb6 40. g4 1-0


[Site "https://www.chess.com"]

[Event "Titled Tuesday Blitz January 18 2022"]
[White "Tsyhanchuk, Stanislav"]
[Black "Zhigalko, Sergei"]
[WhiteFideId "13505130"]
[BlackFideId "13502956"]
[WhiteElo "2078"]
[BlackElo "2662"]
[Result "0-1"]
[Round "04"]
[TimeControl "180+1"]
[Date "2022.01.18"]
[WhiteClock "0:00:03"]
[BlackClock "0:00:04"]

1. e4 c5 2. Nf3 Nc6 3. d4 cxd4 4. Nxd4 Nf6 5. Nc3 e5 6. Ndb5 d6 7. Bg5 a6 8. Na3 b5 9. Nd5 Be7 10. Bxf6 Bxf6 11. c4 b4 12. Nc2 O-O 13. g3 a5 14. Bg2 Bg5 15. O-O Ne7 16. f4 Bh6 17. Nce3 Nxd5 18. Nxd5 Be6 19. Qh5 Bxd5 20. cxd5 exf4 21. gxf4 Rc8 22. e5 Rc2 23. e6 Qf6 24. Rae1 Rxb2 25. e7 Re8 26. Qg4 Qg6 27. Bh3 f5 28. Qg3 Kf7 29. Re6 Qxg3+ 30. hxg3 Rxe7 31. Bxf5 g6 32. Rfe1 Rxe6 33. Bxe6+ Kf8 34. Rc1 Rxa2 35. Rc8+ Ke7 36. Rc7+ Kf8 37. Rf7+ Ke8 38. Rxh7 b3 39. Rh8+ Ke7 40. Rh7+ Kf8 41. Rf7+ Ke8 42. Rb7 b2 43. Bf7+ Kf8 44. Bxg6 Bg7 45. f5 Be5 46. g4 Bf6 47. g5 Bxg5 48. f6 Bxf6 49. Rf7+ Kg8 50. Rxf6 Kg7 51. Rxd6 a4 52. Rb6 a3 53. d6 Ra1+ 54. Kf2 Rd1 55. Ra6 Kxg6 56. d7+ Kg7 57. Ra7 Kf6 58. Rxa3 b1=Q 59. Rf3+ Ke7 60. d8=Q+ Kxd8 0-1


[Site "https://www.chess.com"]

[Event "Titled Tuesday Blitz January 18 2022"]
[White "Vazquez, Facundo"]
[Black "Soderstrom, Adrian"]
[WhiteFideId "3007669"]
[BlackFideId "1745786"]
[WhiteElo "1984"]
[BlackElo "2107"]
[Result "1-0"]
[Round "04"]
[TimeControl "180+1"]
[Date "2022.01.18"]
[WhiteClock "0:00:14"]
[BlackClock "0:00:03"]

1. d4 Nf6 2. c4 g6 3. Nf3 Bg7 4. Nc3 O-O 5. g3 d5 6. Bg2 Nc6 7. cxd5 Nxd5 8. O-O e5 9. Nxd5 e4 10. Nd2 Qxd5 11. e3 f5 12. Qb3 Be6 13. Qxd5 Bxd5 14. a3 a5 15. b3 Ra6 16. Bb2 Rb6 17. Rfb1 Bxb3 18. Bc3 Bd5 19. Bf1 Rxb1 20. Rxb1 b6 21. Bb5 Ne7 22. Nc4 c6 23. Nxb6 cxb5 24. Rxb5 Bf7 25. Bxa5 Rb8 26. a4 Nc6 27. Bc3 Be8 28. Rb2 Rb7 29. a5 Ra7 30. Nc4 Bf7 31. Nd6 Nxa5 32. Rb8+ Bf8 33. Nxf5 Nc6 34. Nh6+ Kg7 35. d5+ Kxh6 36. Rxf8 Bxd5 37. Kg2 Rf7 38. Rh8 Be6 39. h3 Ne7 40. g4 g5 41. Re8 Kg6 42. Bb4 Kf6 43. Bc3+ Kg6 44. Bb4 Kf6 45. h4 Nd5 46. hxg5+ Kxg5 47. Rxe6 Nxb4 48. Rxe4 Nc6 49. Kg3 Ne7 50. Re6 Ng6 51. Ra6 Kh6 52. f4 Kg7 53. g5 Ne7 54. e4 Nc8 55. f5 Ne7 56. f6+ Kh8 57. e5 Ng6 58. e6 Rf8 59. Kg4 Re8 60. Rd6 Rb8 61. e7 Kg8 62. Rd8+ 1-0


[Site "https://www.chess.com"]

[Event "Titled Tuesday Blitz January 18 2022"]
[White "Vokhidov, Shamsiddin"]
[Black "Piorun, Kacper"]
[WhiteFideId "14204223"]
[BlackFideId "1130420"]
[WhiteElo "2611"]
[BlackElo "2571"]
[Result "0-1"]
[Round "04"]
[TimeControl "180+1"]
[Date "2022.01.18"]
[WhiteClock "0:00:01"]
[BlackClock "0:00:04"]

1. e4 e5 2. Nf3 Nc6 3. Bb5 Nf6 4. d3 Bc5 5. Bxc6 dxc6 6. Nbd2 Be6 7. O-O Nd7 8. Nb3 Bb6 9. Ng5 Qe7 10. Nxe6 Qxe6 11. a4 a6 12. Kh1 O-O-O 13. f4 f6 14. a5 Ba7 15. fxe5 Nxe5 16. Bf4 c5 17. Nd2 Nc6 18. Nc4 Rd7 19. Be3 Rhd8 20. Qe1 Ne5 21. b3 Nc6 22. Qf2 Nd4 23. Rac1 Qc6 24. Qh4 h6 25. Qg4 Kb8 26. Rf2 Re7 27. Rcf1 Nb5 28. Bf4 Nd6 29. Bxd6 cxd6 30. Qg3 Ka8 31. Ne3 c4 32. bxc4 Bxe3 33. Qxe3 Qa4 34. Qb6 Rdd7 35. Rb1 Re5 36. d4 Rxe4 37. c3 Qxc4 38. Rfb2 Qxc3 39. h3 Re1+ 40. Rxe1 Qxe1+ 41. Kh2 Qc1 42. Re2 Qc8 43. Re6 d5 44. Qb4 Qc7+ 45. Kh1 Qc1+ 46. Re1 Qc8 47. Re6 Rc7 48. Re1 Rc1 49. Rxc1 Qxc1+ 50. Kh2 Qc7+ 51. Kg1 Ka7 52. Kf2 Qd7 53. Qc5+ Kb8 54. Qf8+ Kc7 55. Qc5+ Kd8 56. Qf8+ Kc7 57. Qc5+ Qc6 58. Qe7+ Kb8 59. Qxg7 Qc2+ 60. Kg1 Qc1+ 61. Kh2 Qf4+ 62. Kh1 Qxd4 63. Qxh6 Qa1+ 64. Kh2 Qe5+ 65. Kh1 d4 66. Qd2 Qe4 67. Qf2 d3 68. Qg3+ Kc8 69. Qd6 Qe1+ 70. Kh2 d2 71. Qc5+ Kd7 72. Qd5+ Ke7 73. Qc5+ Ke6 74. Qc4+ Kf5 75. g4+ Kg5 76. h4+ Kxh4 77. g5+ Kxg5 78. Qd5+ Qe5+ 79. Qxe5+ fxe5 0-1


[Site "https://www.chess.com"]

[Event "Titled Tuesday Blitz January 18 2022"]
[White "Wagner, Dennis"]
[Black "Shirazi, Kamran"]
[WhiteFideId "24650684"]
[BlackFideId "2000733"]
[WhiteElo "2355"]
[BlackElo "2317"]
[Result "1-0"]
[Round "04"]
[TimeControl "180+1"]
[Date "2022.01.18"]
[WhiteClock "0:00:09"]
[BlackClock "0:00:15"]

1. c4 d5 2. cxd5 c6 3. Nc3 cxd5 4. d4 Nc6 5. Nf3 Bg4 6. Qb3 Bxf3 7. exf3 Nxd4 8. Qxb7 f6 9. Qxd5 Qxd5 10. Nxd5 Rc8 11. Ne3 e6 12. Bd2 Ne7 13. Bc3 Nef5 14. Nxf5 Nxf5 15. Ba6 Rc7 16. O-O Bc5 17. Rfe1 Kf7 18. Rad1 Rb8 19. Kf1 Bb4 20. Bxb4 Rxb4 21. b3 e5 22. Bc4+ Ke7 23. Rd2 a5 24. g3 a4 25. f4 Rc5 26. Bd5 Rd4 27. Rxd4 Nxd4 28. Bc4 Kd6 29. fxe5+ fxe5 30. Rd1 a3 31. f4 Kc6 32. fxe5 Nc2 33. Rd6+ Kc7 34. Re6 Ne3+ 35. Ke2 Nxc4 36. bxc4 Rxc4 37. Kd3 Rb4 38. Re7+ Kb6 39. Rxg7 Rb2 40. Rxh7 Rxa2 41. Kc3 Re2 42. Rh8 Kb7 43. Rh4 Rxe5 44. Ra4 Re2 45. Rxa3 Rxh2 46. Kd4 Kc6 47. Ke5 Kd7 48. Kf6 Ke8 49. Kg7 Rg2 50. Re3+ Kd7 51. Kg6 Kd6 52. Kg5 Kd5 53. g4 Kd4 54. Re1 Kd5 55. Kf5 Rf2+ 56. Kg6 Rf8 57. g5 Kd6 58. Kg7 Rf4 59. g6 Kd7 60. Kg8 Rf6 61. g7 Rf3 62. Re4 Rf2 63. Kh7 Rh2+ 64. Kg6 Rg2+ 65. Kf6 Rf2+ 66. Kg5 Rf4 67. Rxf4 1-0


[Site "https://www.chess.com"]

[Event "Titled Tuesday Blitz January 18 2022"]
[White "Weetik, Vjacheslav"]
[Black "Gontcharov, Vladislav"]
[WhiteFideId "4153472"]
[BlackFideId "4123492"]
[WhiteElo "2469"]
[BlackElo "2503"]
[Result "1-0"]
[Round "04"]
[TimeControl "180+1"]
[Date "2022.01.18"]
[WhiteClock "0:00:04"]
[BlackClock "0:00:07"]

1. d4 Nf6 2. Bf4 d6 3. Nf3 c5 4. dxc5 Qa5+ 5. Nc3 Qxc5 6. e4 Nc6 7. h3 h6 8. Be2 a6 9. O-O e5 10. Be3 Qa5 11. Nd2 Nd4 12. Bxd4 exd4 13. Nb3 Qb4 14. Qxd4 Qxd4 15. Nxd4 Be7 16. Bc4 O-O 17. Nd5 Nxd5 18. Bxd5 Rb8 19. a4 Bf6 20. c3 Re8 21. Rfd1 Kf8 22. a5 Be6 23. Bxe6 fxe6 24. Rd2 Ke7 25. Ra4 Rbc8 26. Rb4 Rc7 27. g3 Rd8 28. Kg2 Rdd7 29. Nc2 Rc5 30. Ra4 Rb5 31. Ne3 d5 32. exd5 exd5 33. Nf5+ Ke6 34. Nd4+ Bxd4 35. Rdxd4 Rc7 36. Rdb4 Rcc5 37. Kf3 Rxb4 38. Rxb4 Rxa5 39. Rxb7 Ra2 40. Ke3 a5 41. Rb6+ Kf7 42. Kd4 a4 43. Kxd5 a3 44. bxa3 Rxa3 45. c4 Rd3+ 46. Ke4 Rc3 47. Rc6 Rc2 48. f3 Ke7 49. h4 Kd7 50. Rg6 Ke8 51. Rxg7 Rxc4+ 52. Kf5 Kf8 53. Rg6 Rc5+ 54. Kf4 Rc4+ 55. Kf5 Rc3 56. Kg4 Rc4+ 57. f4 Rc6 58. Rxc6 1-0


[Site "https://www.chess.com"]

[Event "Titled Tuesday Blitz January 18 2022"]
[White "Wong, Yinn Long"]
[Black "Firat, Burak"]
[WhiteFideId "5707684"]
[BlackFideId "6305881"]
[WhiteElo "2055"]
[BlackElo "2419"]
[Result "1-0"]
[Round "04"]
[TimeControl "180+1"]
[Date "2022.01.18"]
[WhiteClock "0:01:31"]
[BlackClock "0:01:33"]

1. e4 e5 2. Nf3 Nc6 3. Bc4 Nf6 4. d3 Bc5 5. c3 d6 6. O-O a6 7. Bb3 Ba7 8. Re1 h6 9. Nbd2 O-O 10. h3 Re8 11. Nf1 Be6 12. Ng3 d5 13. exd5 Bxd5 14. Nh4 Qd7 15. Nhf5 Rad8 16. Bc2 Ne7 17. Rxe5 Nxf5 18. Rxf5 Qe6 19. Bf4 Qe5 20. Rxe5 1-0


[Site "https://www.chess.com"]

[Event "Titled Tuesday Blitz January 18 2022"]
[White "Yeletsky, Ivan"]
[Black "Coto Mederos, Michel"]
[WhiteFideId "24180327"]
[BlackFideId "3508528"]
[WhiteElo "2348"]
[BlackElo "2427"]
[Result "1-0"]
[Round "04"]
[TimeControl "180+1"]
[Date "2022.01.18"]
[WhiteClock "0:01:26"]
[BlackClock "0:00:06"]

1. c4 e6 2. b3 d5 3. Bb2 Nf6 4. Nf3 c5 5. cxd5 exd5 6. e3 Be7 7. Nc3 Nc6 8. d4 cxd4 9. Nxd4 Qa5 10. a3 O-O 11. b4 Qd8 12. Rc1 Bg4 13. Be2 Bxe2 14. Ncxe2 Ne5 15. Ba1 Nc4 16. Nf5 Nxa3 17. O-O Bxb4 18. Neg3 Nc4 19. Nxg7 Nd2 20. N7f5 Nxf1 21. Nh5 Be7 22. Nxe7+ Qxe7 23. Nxf6+ 1-0


[Site "https://www.chess.com"]

[Event "Titled Tuesday Blitz January 18 2022"]
[White "Yoo, Christopher Woojin"]
[Black "Punin, Andrii"]
[WhiteFideId "30909694"]
[BlackFideId "14112639"]
[WhiteElo "2105"]
[BlackElo "2357"]
[Result "1-0"]
[Round "04"]
[TimeControl "180+1"]
[Date "2022.01.18"]
[WhiteClock "0:00:19"]
[BlackClock "0:00:08"]

1. e4 c6 2. Nf3 d5 3. d3 Qc7 4. e5 Bg4 5. d4 e6 6. c3 Nd7 7. Nbd2 h6 8. Bd3 Ne7 9. h3 Bf5 10. Qe2 Bxd3 11. Qxd3 c5 12. O-O Nc6 13. b3 Be7 14. Bb2 O-O 15. Rac1 cxd4 16. cxd4 Qb6 17. a3 Rac8 18. b4 a5 19. b5 Na7 20. a4 Rxc1 21. Rxc1 Rc8 22. Rc2 Rxc2 23. Qxc2 Qd8 24. Nb3 b6 25. Nfd2 Bb4 26. Nf1 Qc8 27. Qxc8+ Nxc8 28. Ne3 h5 29. g4 hxg4 30. hxg4 Be7 31. f4 Bd8 32. Kf2 Ne7 33. f5 g6 34. f6 Nc8 35. g5 Nf8 36. Nd2 Nd7 37. Ng4 Kf8 38. Ba3+ Ke8 39. Nf1 Bc7 40. Ng3 Bb8 41. Ne2 Bc7 42. Nf4 Nf8 43. Kg3 Bb8 44. Nh6 Bc7 45. Nxf7 Kxf7 46. Bxf8 Bd8 47. Bd6 Na7 48. Bb8 Nc8 49. Kg4 Be7 50. fxe7 Nxe7 51. Bc7 Nc8 52. Kf3 1-0


[Site "https://www.chess.com"]

[Event "Titled Tuesday Blitz January 18 2022"]
[White "Yuan, Qingyu"]
[Black "Kepeshchuk, Mykhaylo"]
[WhiteFideId "8609772"]
[BlackFideId "14113139"]
[WhiteElo "2359"]
[BlackElo "2279"]
[Result "1-0"]
[Round "04"]
[TimeControl "180+1"]
[Date "2022.01.18"]
[WhiteClock "0:00:12"]
[BlackClock "0:00:13"]

1. Nf3 Nf6 2. g3 c5 3. Bg2 g6 4. c4 Bg7 5. Nc3 O-O 6. d4 cxd4 7. Nxd4 Nc6 8. O-O Nxd4 9. Qxd4 d6 10. Qd3 Bf5 11. e4 Be6 12. b3 Rc8 13. Bb2 Qa5 14. h3 a6 15. Rfc1 Rc7 16. Ne2 Rfc8 17. a3 Nd7 18. b4 Qb6 19. Bxg7 Kxg7 20. c5 dxc5 21. bxc5 Rxc5 22. Qd4+ Kg8 23. Rxc5 Qxc5 24. Rc1 Qxc1+ 25. Nxc1 Rxc1+ 26. Kh2 f6 27. Qb4 Kf7 28. Qxb7 Nc5 29. Qb2 Rc4 30. e5 Nd3 31. Qb6 fxe5 32. Bf1 Rd4 33. Kg1 Bc4 34. Qc7 Kf6 35. Qc6+ Kf7 36. Qc7 Kf6 37. Qc8 h5 38. Qf8+ Bf7 39. Qh8+ Ke6 40. Qc8+ Kf6 41. Qxa6+ Rd6 42. Qa8 e4 43. Qxe4 Ne5 44. Qf4+ Ke6 45. Qe4 Kf6 46. Qf4+ Ke6 47. Qe3 Kf6 48. Qc3 Bd5 49. f4 1-0


[Site "https://www.chess.com"]

[Event "Titled Tuesday Blitz January 18 2022"]
[White "Aditya Mittal"]
[Black "Balabayeva, Xeniya"]
[WhiteFideId "35042025"]
[BlackFideId "13719688"]
[WhiteElo "2287"]
[BlackElo "1940"]
[Result "1-0"]
[Round "05"]
[TimeControl "180+1"]
[Date "2022.01.18"]
[WhiteClock "0:01:14"]
[BlackClock "0:00:01"]

1. d4 d5 2. c4 e6 3. Nc3 h6 4. cxd5 exd5 5. Nf3 Nf6 6. Bf4 Bd6 7. Bxd6 Qxd6 8. e3 c6 9. Bd3 Bg4 10. h3 Bxf3 11. Qxf3 Nbd7 12. O-O O-O 13. Rab1 a6 14. b4 b5 15. a4 Rfe8 16. a5 Re7 17. Rfc1 Rae8 18. Ne2 Nf8 19. Ng3 g6 20. Qf4 Re6 21. Qxh6 Ne4 22. Bxe4 dxe4 23. Rc5 Nh7 24. Nxe4 Rxe4 25. Rh5 Qf6 26. Qxh7+ Kf8 27. Qh8+ Qxh8 28. Rxh8+ Ke7 29. Rxe8+ Kxe8 30. Rc1 Kd7 31. Rc5 Re6 32. Kf1 Rd6 33. Ke2 Re6 34. Kf3 1-0


[Site "https://www.chess.com"]

[Event "Titled Tuesday Blitz January 18 2022"]
[White "Ambartsumova, Karina"]
[Black "Lauridsen, Jesper Morch"]
[WhiteFideId "4166299"]
[BlackFideId "1401890"]
[WhiteElo "2262"]
[BlackElo "2185"]
[Result "1-0"]
[Round "05"]
[TimeControl "180+1"]
[Date "2022.01.18"]
[WhiteClock "0:00:04"]
[BlackClock "0:00:01"]

1. d4 d5 2. c4 e6 3. Nc3 c5 4. cxd5 cxd4 5. Qxd4 Nc6 6. Qd1 exd5 7. Qxd5 Be6 8. Qxd8+ Rxd8 9. Bg5 f6 10. Bd2 Nb4 11. Rc1 Nxa2 12. Nxa2 Bxa2 13. Ra1 Bc4 14. Rxa7 Ba6 15. b4 Ne7 16. b5 Nc8 17. Ra8 Bxb5 18. Nf3 g5 19. e4 Bc6 20. e5 g4 21. Nh4 fxe5 22. Bc4 Be7 23. Nf5 Bxg2 24. Rg1 Bf3 25. Ng7+ Kd7 26. Be6+ Kc7 27. Bxg4 Bxg4 28. Rxg4 Rd6 29. Nf5 Re6 30. Rc4+ Kd7 31. Nxe7 Rxe7 32. Ba5 Rf8 33. Rc7+ Kd6 34. Raxc8 Rxc7 35. Rxc7 Ra8 36. Bb6 Ra6 37. Rxb7 Kc6 38. Rxh7 Ra1+ 39. Ke2 Kxb6 40. Rh6+ Kc5 41. h4 Kd5 42. Kf3 Ra3+ 43. Kg4 Ra2 44. f3 Rg2+ 45. Kh3 Rg1 46. Rh8 Kd4 47. Rf8 Ke3 48. Rf5 e4 49. fxe4 Kxe4 50. Rf2 Ke5 51. h5 Ke6 52. Kh4 Ke7 53. h6 Rh1+ 54. Kg5 Rg1+ 55. Kh5 Rg3 56. h7 1-0


[Site "https://www.chess.com"]

[Event "Titled Tuesday Blitz January 18 2022"]
[White "Andreikin, Dmitry"]
[Black "Kahlert, Thomas"]
[WhiteFideId "4158814"]
[BlackFideId "4625242"]
[WhiteElo "2736"]
[BlackElo "2228"]
[Result "1-0"]
[Round "05"]
[TimeControl "180+1"]
[Date "2022.01.18"]
[WhiteClock "0:02:31"]
[BlackClock "0:01:59"]

1. d4 Nf6 2. c4 g6 3. Nc3 d5 4. cxd5 Nxd5 5. e4 Nxc3 6. bxc3 Bg7 7. Nf3 c5 8. Be2 Bg4 9. Rb1 cxd4 10. cxd4 Bxf3 11. Bxf3 Qxd4 12. O-O Qxd1 13. Rxd1 Nc6 14. Rxb7 Nd4 15. Be3 O-O-O 16. Rdb1 Nxf3+ 17. gxf3 Rd1+ 18. Rxd1 Kxb7 19. Rd7+ Kc6 20. Rxe7 1-0


[Site "https://www.chess.com"]